 Dungeon Crawl Stone Soup version 0.30-a0-585-g93115170b9 (webtiles) character file.

Game seed: 12077208712610066401

201076 HoaS the Wrestler (level 18, -3/170 HPs)
             Began as a Ghoul Gladiator on Jan 2, 2023.
             Was the Champion of Makhleb.
             Slain by a six-headed hydra (6 damage)
             ... called by a spriggan druid
             ... called by a spriggan druid
             ... on level 2 of the Swamp.
             The game lasted 01:48:43 (33343 turns).

HoaS the Wrestler (Ghoul Gladiator)                Turns: 33343, Time: 01:48:43

Health: -3/170     AC: 28    Str: 28    XL:     18   Next: 53%
Magic:  0/17       EV: 13    Int:  3    God:    Makhleb [******]
Gold:   3217       SH:  0    Dex: 10    Spells: 17/17 levels left

rFire   + . .      SeeInvis +      - Unarmed
rCold   + . .      Faith    .    (no shield)
rNeg    + + +      Spirit   +    x - +2 plate armour {rPois}
rPois   ∞          Reflect  .    Q - +1 helmet of Incorporation {rF+ Str+2}
rElec   .          Harm     .    I - +1 cloak of Starlight {*Dazzle EV+4 Stlth--}
rCorr   .          Rampage  .    (no gloves)
Will    ++...                    M - +2 pair of boots Stlth
                                 R - amulet of guardian spirit
HPRegen 0.00/turn                i - ring of see invisible
MPRegen 0.15/turn                w - ring of willpower

@: about to teleport, inhibited regen
A: claws 1, cold resistance 1, negative energy resistance 3, inhibited
regeneration, torment resistance 2, devour on kill
}: 1/15 runes: serpentine
a: Renounce Religion, Minor Destruction, Lesser Servant of Makhleb, Major
Destruction, Greater Servant of Makhleb


You were on level 2 of the Swamp.
You worshipped Makhleb.
Makhleb was exalted by your worship.
You visited 5 branches of the dungeon, and saw 28 of its levels.
You also visited: Gauntlet and Ice Cave.

You collected 4784 gold pieces.
You spent 1567 gold pieces at shops.

Inventory:

Missiles
 d - 16 javelins (quivered)
 v - 31 poisoned darts
 B - 7 boomerangs
 F - 12 atropa-tipped darts
 L - a curare-tipped dart
 S - 4 datura-tipped darts
Armour
 x - a +2 plate armour of poison resistance (worn)
 I - the +1 cloak of Starlight (worn) {*Dazzle EV+4 Stlth--}
   (You found it on level 5 of the Lair of Beasts)

   It may blind those who miss an attack against the wearer in melee combat.
   EV:        It affects your evasion (+4).
   Stlth:     It makes you much less stealthy.
 M - a +2 pair of boots (worn)
 Q - the +1 helmet of Incorporation (worn) {rF+ Str+2}
   (You found it in a Gauntlet)

   Str:       It affects your strength (+2).
   rF:        It protects you from fire.
Jewellery
 a - a ring of ice
 i - a ring of see invisible (left claw)
 p - a +6 ring of intelligence
 s - a ring of fire
 w - a ring of willpower (right claw)
 D - a ring of magical power
 P - the ring of Pyromania {rN+ Stlth+}
   (You found it in a Gauntlet)

   [ring of positive energy]

   rN:        It protects you from negative energy.
   Stlth:     It makes you more stealthy.
 R - an amulet of guardian spirit (around neck)
Wands
 q - a wand of charming (19)
 r - a wand of polymorph (20)
 u - a wand of mindburst (4)
 z - a wand of acid (14)
 A - a wand of iceblast (26)
 H - a wand of flame (24)
 K - a wand of digging (11)
Scrolls
 c - 7 scrolls of blinking
 g - a scroll of torment
 h - 4 scrolls of fog
 m - 6 scrolls of teleportation
 n - 5 scrolls of poison
 y - 5 scrolls of magic mapping
 J - 3 scrolls of fear
 N - 2 scrolls of amnesia
 O - 3 scrolls of identify
Potions
 b - a potion of might
 e - a potion of haste
 f - 10 potions of curing
 j - 3 potions of resistance
 k - 7 potions of brilliance
 l - 11 potions of attraction
 o - a potion of ambrosia
 t - 7 potions of magic
 C - 7 potions of flight
 E - a potion of cancellation


   Skills:
 + Level 17.5 Fighting
 - Level 1.7 Throwing
 + Level 16.8 Armour
 - Level 2.6 Dodging
 * Level 24.2 Unarmed Combat


You had 17 spell levels left.
You didn't know any spells.
Your spell library contained the following spells:

 Spells                   Type           Power      Damage    Failure   Level
 Foxfire                  Conj/Fire      0%         2x1d4     97%         1
 Freeze                   Ice            0%         1d3       97%         1
 Shock                    Conj/Air       0%         1d3       97%         1
 Poisonous Vapours        Pois/Air       0%         N/A       99%         2
 Call Canine Familiar     Summ           0%         N/A       100%        3
 Frozen Ramparts          Ice            0%         1d1       100%        3
 Gell's Gravitas          Tloc           0%         N/A       100%        3
 Hailstorm                Conj/Ice       0%         3d3       100%        3
 Ignite Poison            Fire/Tmut/Pois 0%         N/A       100%        3
 Inner Flame              Hex/Fire       0%         N/A       100%        3
 Lesser Beckoning         Tloc           0%         N/A       100%        3
 Ozocubu's Armour         Ice            0%         N/A       100%        3
 Portal Projectile        Hex/Tloc       0%         N/A       100%        3
 Swiftness                Air            0%         N/A       100%        3
 Teleport Other           Tloc           0%         N/A       100%        3
 Airstrike                Air            0%         2d(0-16)  100%        4
 Animate Dead             Necr           0%         N/A       100%        4
 Cause Fear               Hex            0%         N/A       100%        4
 Flame Wave               Conj/Fire      0%         2d4       100%        4
 Leda's Liquefaction      Hex/Erth       0%         N/A       100%        4
 Olgreb's Toxic Radiance  Pois           0%         N/A       100%        4
 Petrify                  Tmut/Erth      0%         N/A       100%        4
 Sticky Flame             Conj/Fire      0%         2d3       100%        4
 Summon Ice Beast         Ice/Summ       0%         N/A       100%        4
 Alistair's Intoxication  Tmut/Pois      0%         N/A       100%        5
 Borgnjor's Vile Clutch   Necr/Erth      0%         N/A       100%        5
 Fireball                 Conj/Fire      0%         3d3       100%        5
 Freezing Cloud           Conj/Ice/Air   0%         6-21      100%        5
 Irradiate                Conj/Tmut      0%         3d11      100%        5
 Iskenderun's Battlesphe  Conj           0%         2d6       100%        5
 Lee's Rapid Deconstruct  Erth           0%         3d4*      100%        5
 Eringya's Noxious Bog    Tmut/Pois      0%         N/A       100%        6
 Iron Shot                Conj/Erth      0%         9d1       100%        6
 Simulacrum               Ice/Necr       0%         N/A       100%        6
 Starburst                Conj/Fire      0%         6d3       100%        6
 Haunt                    Necr/Summ      0%         N/A       100%        7
 Ozocubu's Refrigeration  Ice            0%         4d7       100%        7
 Spellforged Servitor     Conj/Summ      0%         N/A       100%        7
 Discord                  Hex            0%         N/A       100%        8
 Ignition                 Fire           0%         3d3       100%        8
 Infestation              Necr           0%         N/A       100%        8
 Chain Lightning          Conj/Air       0%         N/A       100%        9
 Fire Storm               Conj/Fire      0%         5d1       100%        9
 Polar Vortex             Ice            0%         N/A       100%        9
 Shatter                  Erth           0%         3d5*      100%        9
 Sublimation of Blood     Necr           Unusable   N/A       N/A         2
 Ice Form                 Ice/Tmut       Unusable   N/A       N/A         4
 Statue Form              Tmut/Erth      Unusable   N/A       N/A         6

Dungeon Overview and Level Annotations

Branches:
Dungeon (15/15)            Temple (0/1) D:4            Lair (5/5) D:11
  Swamp (2/4) Lair:3        Snake (4/4) Lair:2        Slime (0/5) Lair:5
    Orc (2/2) D:12            Elf (0/3) Orc:2        Vaults (0/5) D:13
 Depths (0/4) D:15          IceCv (visited)         Gauntlet (visited)

Altars:
Ashenzari
Cheibriados
Dithmenos
Fedhas
Gozag
Hepliaklqana
Kikubaaqudgha
Makhleb
Nemelex Xobeh
Okawaru
Qazlal
Ru
Sif Muna
Trog
Uskayaw
Vehumet
Wu Jian
Xom
Yredelemnul
Jiyva

Shops:
D:8 (   Orc:2 !?[(   Snake:4 ?

Portals:
Trove: D:13 (give 14 potions of heal wounds)

Annotations:
D:13 1 transporter


Innate Abilities, Weirdness & Mutations

You are immune to poison.
You have sharp fingernails.
Your flesh is cold resistant. (rC+)
You are immune to negative energy. (rN+++)
You do not regenerate when monsters are visible.
You are immune to unholy pain and torment.
You thrive by killing the living.


Message History

The spriggan druid points at you and mumbles some strange words.
The stone arrow hits you!!
You eviscerate the bunyip!!!
The bunyip is heavily wounded.
Trunks creak and shift.
You scratch the bunyip. Your claw misses the bunyip.
The bunyip is heavily wounded.
The bog body casts a spell at you. The bolt of cold hits you! You resist.
You claw the bunyip!
The bunyip is severely wounded.
The six-headed hydra bites you!
The six-headed hydra closely misses you.
The six-headed hydra bites you but does no damage.
The six-headed hydra bites you!
* * * LOW HITPOINT WARNING * * *
The six-headed hydra bites you but does no damage. x2
As you read the scroll of teleportation, it crumbles to dust.
You feel strangely unstable. The bunyip misses you. The bunyip claws you!!
* * * LOW HITPOINT WARNING * * *
The bunyip claws you but does no damage.
The spriggan druid hits you with a +0 quarterstaff.
* * * LOW HITPOINT WARNING * * *
The six-headed hydra bites you but does no damage. x2
The six-headed hydra bites you!
* * * LOW HITPOINT WARNING * * *
The six-headed hydra closely misses you. x2
The six-headed hydra bites you.
* * * LOW HITPOINT WARNING * * *
The tyrant leech bites you.
* * * LOW HITPOINT WARNING * * *
You feel better.
The spriggan druid hits you but does no damage.
The six-headed hydra bites you but does no damage.
The six-headed hydra closely misses you. x2
The six-headed hydra bites you but does no damage.
The six-headed hydra bites you.
* * * LOW HITPOINT WARNING * * *
The six-headed hydra bites you.
You die...

.~D~ ♣..i ♣♣♣ ♣~...
♣♣♣Di .~♣
♣♣.~~~♣♣♣♣♣~F~~ ♣~♣
<...~~.~~~w♣i~w ♣~~
♣......!~~~D~♣.~
♣.♣♣♣♣♣.$..~..[~~~ii♣♣~
♣~♣♣§~..~....~~.~~w....
♣~†~§iDn........)..~~~.
♣♣~~)x@w~~~~..♣~~..~~.♣
♣~~~~~~.~~~~~.♣♣♣.....♣
♣♣.~~.♣♣....~~ ....♣♣♣
♣♣♣♣~♣ ♣~.... ♣.>~~♣
♣♣♣ ♣♣♣♣♣ ♣♣♣♣♣♣


You could see a bunyip, a six-headed hydra, a tyrant leech, a spriggan druid and
a bog body.

Vanquished Creatures
  An Ice Fiend (IceCv)
  Agnes (D:15)
  4 nagarajas
  An emperor scorpion (D:15)
  2 eleionomae
  6 dire elephants
  A minotaur (Gauntlet)
  Snorg (D:11)
  Fannar (D:12)
  A rakshasa (D:15)
  3 hydras
  2 salamander tyrants
  An ice dragon (D:14)
  A caustic shrike simulacrum (IceCv)
  5 ogre magi
  18 anacondas
  The ghost of Fuodati the Reanimator, a journeyman NaNe (Lair:1)
  A centaur warrior (D:12)
  2 boulder beetles
  19 two-headed ogres
  A ghost crab (Swamp:2)
  2 catoblepae
  A death scarab (Gauntlet)
  A tengu warrior (D:14)
  2 alligators (Swamp:2)
  12 naga warriors
  7 naga sharpshooters
  12 shock serpents
  11 salamander mystics
  Nergalle (D:12)
  Amaemon (Lair:1)
  A spectral death yak (Lair:5)
  12 skeletal warriors
  3 goliath frogs
  A spectral anaconda (Lair:5)
  2 obsidian statues
  4 bog bodies
  9 spriggan simulacra (IceCv)
  13 naga ritualists
  2 phantasmal warriors
  12 mana vipers
  A lindwurm (Snake:4)
  4 ugly things
  3 necromancers (Lair:5)
  23 salamanders
  4 cyclopes
  3 manticores
  32 elephants
  30 black mambas
  9 guardian serpents
  A worldbinder (Gauntlet)
  A dire elephant zombie (Lair:5)
  12 naga magi
  A torpor snail (Lair:2)
  An orange demon (Lair:1)
  3 gargoyles
  Psyche (D:11)
  An unseen horror (D:12)
  12 cane toads
  2 kobold demonologists (D:12)
  5 freezing wraiths
  An anaconda simulacrum (IceCv)
  5 rime drakes
  2 efreet (D:13)
  15 komodo dragons
  A spectral naga (Snake:3)
  9 ice devils (IceCv)
  5 trolls
  3 hornets
  3 polar bears
  2 wolf spider simulacra (D:14)
  3 tyrant leeches
  11 dream sheep (Lair:5)
  10 blink frogs
  3 spriggans
  A water elemental (D:14)
  10 flying skulls (Gauntlet)
  A shadow (D:10)
  19 slime creatures
  A centaur simulacrum (D:14)
  A vampire (D:13)
  6 wyverns
  23 yaks
  2 wraiths
  A dire elephant simulacrum (IceCv)
  8 basilisks
  A spectral komodo dragon (Gauntlet)
  2 steam dragons
  5 vampire mosquitoes
  Grum (D:11)
  A spectral cane toad (Lair:5)
  2 death yak simulacra (Lair:5)
  6 minotaur simulacra (IceCv)
  A warg (Orc:2)
  25 nagas
  A harpy simulacrum (IceCv)
  2 acid dragons
  5 swamp worms (Swamp:1)
  10 water moccasins
  A sky beast (D:7)
  A swamp drake (Swamp:1)
  8 orc warriors
  6 ice beasts
  A black bear (D:6)
  4 alligator simulacra (IceCv)
  An elephant zombie (Lair:5)
  27 ogres
  24 wolves
  2 boggarts (Gauntlet)
  8 centaurs
  An elephant skeleton (Lair:5)
  4 kobold brigands
  16 bullfrogs
  4 necrophages
  6 deep troll simulacra (IceCv)
  2 cane toad simulacra (Lair:5)
  9 killer bees
  3 elephant simulacra (Lair:5)
  10 howler monkeys
  5 electric eels (D:9)
  3 jellies
  9 orc priests
  4 hounds
  Crazy Yiuf (D:6)
  8 iguanas
  12 orc wizards
  A gnoll (D:4)
  8 adders
  4 white imps
  An ufetubus (D:5)
  2 worms
  34 orcs
  9 ball pythons
  3 bats (D:1)
  3 endoplasms (D:4)
  4 giant cockroaches
  9 goblins
  4 hobgoblins
  2 quokkas (D:1)
  A frilled lizard (D:2)
  16 kobolds
  4 rats
  A butterfly (Lair:2)
825 creatures vanquished.

Vanquished Creatures (others)
  An angel (D:6)
  A salamander tyrant (Snake:4)
  A tengu conjurer (D:13)
  2 bloated husks (Swamp:2)
  A centaur (D:12)
  44 fungi
  55 plants
  25 withered plants (Lair:5)
130 creatures vanquished.

Grand Total: 955 creatures vanquished

Notes
Turn   | Place    | Note
-------+----------+-------------------------------------------
     0 | D:1      | HoaS the Ghoul Gladiator began the quest for the Orb.
     0 | D:1      | Reached XP level 1. HP: 17/17 MP: 0/0
   218 | D:1      | Reached XP level 2. HP: 20/24 MP: 1/1
   280 | D:1      | Reached skill level 4 in Unarmed Combat
   668 | D:2      | Reached XP level 3. HP: 19/29 MP: 2/2
  1148 | D:2      | Reached skill level 5 in Unarmed Combat
  1213 | D:3      | Noticed a +0 spear
  1213 | D:3      | Noticed a +0 short sword
  1215 | D:3      | Noticed a +0 short sword
  1229 | D:3      | Noticed a +0 dagger
  1231 | D:3      | Noticed a +0 dagger
  1231 | D:3      | Noticed a +0 spear
  1257 | D:3      | Noticed a +0 falchion
  1258 | D:3      | Noticed a +0 falchion
  1369 | D:3      | Got the Folio of Contaminated Refrigeration
  1384 | D:3      | Found a faded altar of an unknown god.
  1389 | D:3      | Reached XP level 4. HP: 36/36 MP: 3/3
  1573 | D:3      | Found a hide-covered altar of Uskayaw.
  1669 | D:3      | Found a burning altar of Makhleb.
  1674 | D:3      | Became a worshipper of Makhleb the Destroyer
  1841 | D:4      | Noticed an orc warrior
  1959 | D:4      | Found a staircase to the Ecumenical Temple.
  2049 | D:4      | Reached skill level 6 in Unarmed Combat
  2049 | D:4      | Reached XP level 5. HP: 12/41 MP: 4/4
  2551 | D:4      | Found an iron altar of Okawaru.
  2607 | D:4      | Reached skill level 7 in Unarmed Combat
  2667 | D:4      | Reached XP level 6. HP: 48/48 MP: 5/5
  2803 | D:4      | Reached * piety under Makhleb
  2940 | D:4      | Killed an orc warrior
  3083 | D:5      | Entered Level 5 of the Dungeon
  3108 | D:5      | Reached skill level 8 in Unarmed Combat
  3263 | D:5      | Reached XP level 7. HP: 51/55 MP: 6/6
  3301 | D:5      | Reached skill level 9 in Unarmed Combat
  3671 | D:6      | Reached skill level 1 in Armour
  3884 | D:6      | Noticed an angel
  3885 | D:6      | Found a shimmering altar of Xom.
  3961 | D:6      | Reached XP level 8. HP: 53/63 MP: 7/7
  4304 | D:6      | Killed an angel
  4455 | D:6      | Found a runed translucent door.
  4456 | D:6      | Noticed Crazy Yiuf
  4462 | D:6      | Killed Crazy Yiuf
  4615 | D:7      | Reached ** piety under Makhleb
  4620 | D:7      | Noticed a hornet
  4627 | D:7      | Noticed a slime creature
  4712 | D:7      | Reached skill level 10 in Unarmed Combat
  4739 | D:7      | Reached skill level 5 in Fighting
  4838 | D:7      | Noticed a wraith
  4876 | D:7      | Killed a wraith
  4877 | D:7      | Reached XP level 9. HP: 54/74 MP: 8/8
  5112 | D:7      | Identified the +8 falchion of Cataclysm {spect, rCorr
                  | Int+4}
  5115 | D:7      | Got the Handbook of the Creeping Arsonist
  5248 | D:7      | Found a blossoming altar of Fedhas.
  5261 | D:7      | Found an ornate altar of the Wu Jian Council.
  5261 | D:7      | Found a sacrificial altar of Ru.
  5354 | D:7      | Found a sparkling altar of Nemelex Xobeh.
  5355 | D:7      | Found a shimmering blue altar of Sif Muna.
  5355 | D:7      | Found a radiant altar of Vehumet.
  5355 | D:7      | Found an opulent altar of Gozag.
  5356 | D:7      | Found a basalt altar of Yredelemnul.
  5356 | D:7      | Found a bloodstained altar of Trog.
  5358 | D:7      | Found a stormy altar of Qazlal.
  5358 | D:7      | Found a snail-covered altar of Cheibriados.
  5358 | D:7      | Found an ancient bone altar of Kikubaaqudgha.
  5360 | D:7      | Found a hazy altar of Hepliaklqana.
  5360 | D:7      | Found a shadowy altar of Dithmenos.
  5360 | D:7      | Found a broken altar of Ashenzari.
  5554 | D:8      | Found Zuidarin's Antique Weapon Shoppe.
  5748 | D:8      | Reached skill level 5 in Armour
  5760 | D:8      | Noticed a komodo dragon
  5770 | D:8      | Killed a komodo dragon
  5771 | D:8      | Reached skill level 11 in Unarmed Combat
  6659 | D:9      | Noticed a two-headed ogre
  6854 | D:9      | Noticed a hornet
  6864 | D:9      | Killed a hornet
  6865 | D:9      | Reached XP level 10. HP: 88/88 MP: 9/9
  7052 | D:9      | Reached *** piety under Makhleb
  7644 | D:9      | Killed a two-headed ogre
  7900 | D:9      | Reached skill level 12 in Unarmed Combat
  8382 | D:9      | Noticed a two-headed ogre
  8395 | D:9      | Killed a two-headed ogre
  8715 | D:10     | Entered Level 10 of the Dungeon
  9586 | D:10     | Reached XP level 11. HP: 97/97 MP: 10/10
  9588 | D:10     | Reached skill level 13 in Unarmed Combat
 10005 | D:11     | Noticed Snorg
 10047 | D:11     | Killed Snorg
 10060 | D:11     | Noticed a skeletal warrior
 10068 | D:11     | Noticed a skeletal warrior
 10862 | D:11     | Found a staircase to the Lair.
 10871 | Lair:1   | Entered Level 1 of the Lair of Beasts
 10916 | Lair:1   | Reached skill level 14 in Unarmed Combat
 10986 | Lair:1   | Found a runed translucent door.
 10987 | Lair:1   | Noticed Fuodati's ghost (journeyman NaNe)
 11145 | Lair:1   | Noticed Amaemon
 11182 | Lair:1   | Killed Amaemon
 11268 | Lair:1   | Reached skill level 15 in Unarmed Combat
 11276 | Lair:1   | Reached **** piety under Makhleb
 11984 | Lair:2   | Noticed a boulder beetle
 11994 | Lair:1   | Reached XP level 12. HP: 104/104 MP: 11/11
 12029 | Lair:2   | Found a staircase to the Snake Pit.
 12393 | Lair:2   | Reached skill level 10 in Fighting
 12709 | Lair:2   | Killed a boulder beetle
 12710 | Lair:2   | Reached skill level 10 in Armour
 13055 | Lair:3   | Found a staircase to the Swamp.
 13137 | Lair:3   | Reached skill level 16 in Unarmed Combat
 13857 | Lair:3   | Reached XP level 13. HP: 116/116 MP: 12/12
 14327 | Lair:3   | Reached ***** piety under Makhleb
 14914 | Lair:5   | Entered Level 5 of the Lair of Beasts
 14963 | Lair:5   | Reached skill level 17 in Unarmed Combat
 15381 | Lair:5   | Found a staircase to the Slime Pits.
 15423 | Lair:5   | Found a viscous altar of Jiyva.
 15588 | Lair:5   | Reached XP level 14. HP: 123/129 MP: 13/13
 15789 | Lair:5   | Noticed a dire elephant
 15789 | Lair:5   | Noticed a dire elephant
 15789 | Lair:5   | Noticed a dire elephant
 15789 | Lair:5   | Noticed a dire elephant
 15789 | Lair:5   | Noticed a dire elephant
 15811 | Lair:5   | Killed a dire elephant
 16088 | Lair:5   | Found the +1 cloak of Starlight {*Dazzle EV+4 Stlth--}
 16248 | Lair:5   | Reached skill level 18 in Unarmed Combat
 16420 | Lair:5   | Reached ****** piety under Makhleb
 16943 | Lair:5   | Killed a dire elephant
 16959 | Lair:5   | Killed a dire elephant
 16967 | Lair:5   | Killed a dire elephant
 16977 | Lair:5   | Killed a dire elephant
 16997 | Lair:5   | Got Hamuvasa's Anthology of Chilled Soot
 17135 | Lair:1   | Killed Fuodati's ghost
 17274 | D:11     | Noticed Grum
 17287 | D:11     | Killed Grum
 18107 | D:12     | Noticed Psyche
 18257 | D:11     | Killed Psyche
 18493 | D:12     | Found a staircase to the Orcish Mines.
 18560 | D:12     | Noticed Nergalle
 18587 | D:12     | Killed Nergalle
 18997 | D:12     | Noticed Fannar
 19007 | D:12     | Killed Fannar
 19104 | D:12     | Reached XP level 15. HP: 139/139 MP: 14/14
 19237 | D:12     | Identified a scroll of acquirement
 19237 | D:12     | Acquired 941 gold pieces
 19257 | Orc:1    | Entered Level 1 of the Orcish Mines
 19781 | Orc:2    | Entered Level 2 of the Orcish Mines
 20227 | Orc:2    | Reached skill level 15 in Fighting
 20259 | Orc:2    | Reached skill level 19 in Unarmed Combat
 20509 | Orc:2    | Found Riafruq's Distillery.
 20509 | Orc:2    | Found Foekk's Magic Scroll Emporium.
 20510 | Orc:2    | Found Tep Ysom's Armour Emporium.
 20510 | Orc:2    | Found Diodexzo's Weapon Shop.
 20683 | Orc:2    | Bought a +0 pair of boots for 76 gold pieces
 20690 | Orc:2    | Bought a scroll of acquirement for 832 gold pieces
 20690 | Orc:2    | Bought a scroll of identify for 32 gold pieces
 20690 | Orc:2    | Bought a scroll of enchant armour for 120 gold pieces
 20690 | Orc:2    | Bought a scroll of enchant armour for 120 gold pieces
 20690 | Orc:2    | Bought a scroll of blinking for 120 gold pieces
 20691 | Orc:2    | Bought a potion of curing for 39 gold pieces
 20691 | Orc:2    | Bought a potion of curing for 39 gold pieces
 20691 | Orc:2    | Bought a potion of curing for 39 gold pieces
 20723 | Orc:2    | Acquired 1062 gold pieces
 20808 | Orc:2    | Found a staircase to the Elven Halls.
 21142 | D:13     | Found a portal to a secret trove of treasure.
 21145 | D:13     | Found a gate to the Vaults.
 21329 | D:13     | Found a transporter.
 21853 | D:13     | Found a viscous altar of Jiyva.
 21968 | D:14     | Found a gate leading to a gauntlet.
 21993 | Gauntlet | Entered a Gauntlet
 21993 | Gauntlet | Found a transporter.
 21993 | Gauntlet | Found a transporter.
 21998 | Gauntlet | Found a transporter.
 22000 | Gauntlet | Found a transporter.
 22001 | Gauntlet | Found a transporter.
 22017 | Gauntlet | Found a transporter.
 22017 | Gauntlet | Found a transporter.
 22020 | Gauntlet | Found a runed translucent door.
 22049 | Gauntlet | Identified the ring of Pyromania {rN+ Stlth+}
 22090 | Gauntlet | Found a transporter.
 22106 | Gauntlet | Found a transporter.
 22117 | Gauntlet | Found a transporter.
 22131 | Gauntlet | Found a transporter.
 22198 | Gauntlet | Found a transporter.
 22208 | Gauntlet | Identified the +1 helmet of Incorporation {rF+ Str+2}
 22222 | Gauntlet | Found a transporter.
 22234 | Gauntlet | Identified the +10 spear of the Equator {heavy, rF+ Int+4}
 22319 | D:14     | Reached skill level 20 in Unarmed Combat
 22435 | D:14     | Found a frozen archway.
 22450 | IceCv    | Entered an ice cave
 22539 | IceCv    | Reached XP level 16. HP: 134/149 MP: 15/15
 22565 | IceCv    | Reached skill level 15 in Armour
 22992 | IceCv    | Noticed an Ice Fiend
 23040 | IceCv    | Killed an Ice Fiend
 23041 | IceCv    | Reached skill level 21 in Unarmed Combat
 23181 | IceCv    | Identified the +1 robe "Zemar" {Will++}
 23628 | D:15     | Entered Level 15 of the Dungeon
 23860 | D:15     | Noticed Agnes
 23873 | D:15     | Killed Agnes
 23949 | D:15     | Identified the +7 glaive of False Hope {holy, Str+4}
 23965 | D:15     | Identified the +2 robe of Greater Demons {rC+ Int-3 Slay+2}
 24078 | D:15     | Found a staircase to the Depths.
 24273 | D:15     | Identified the +1 chain mail of Pas Xal {rElec rPois Int+2}
 24795 | Snake:1  | Entered Level 1 of the Snake Pit
 24812 | Snake:1  | You fall into a shaft and drop 1 floor!
 26185 | Snake:1  | Reached skill level 22 in Unarmed Combat
 26397 | Snake:1  | Reached XP level 17. HP: 158/158 MP: 16/16
 26418 | Snake:1  | Identified the +5 short sword "Ixiofo" {flame, *Slow rN++
                  | Int+3}
 26494 | Snake:1  | Identified the +4 scale mail of Fedhas's Hope {Harm}
 28743 | Snake:4  | Entered Level 4 of the Snake Pit
 28894 | Snake:4  | Reached skill level 23 in Unarmed Combat
 29409 | Snake:4  | Found Puwa Uvo's Magic Scroll Shop.
 29421 | Snake:4  | Bought a scroll of blinking for 150 gold pieces
 30043 | Snake:4  | Reached XP level 18. HP: 78/168 MP: 8/17
 31435 | Snake:4  | Paralysed by a Zot trap for 2 turns
 31927 | Snake:4  | Reached skill level 24 in Unarmed Combat
 32042 | Snake:4  | Got a serpentine rune of Zot
 32227 | Swamp:1  | Entered Level 1 of the Swamp
 33342 | Swamp:2  | HP: 6/170 [six-headed hydra[a spriggan druid] (3)]
 33342 | Swamp:2  | HP: 1/170 [tyrant leech[a spriggan druid] (5)]
 33343 | Swamp:2  | Slain by a six-headed hydra

Illustrated notes

Levels and vault maps discovered:
D:1:      mushboom_english_gardens, layout_basic
D:2:      minmay_alternating_diamond, layout_basic
D:3:      layout_basic, lightli_temple_of_fire, nicolae_uskayaw_en_pointe,
          nicolae_ecumenical_snake_handling
D:4:      layout_loops_ring, kennysheep_okawaru_gauntlet,
          minmay_temple_entry_water_ring, minmay_between
D:5:      nicolae_BIG_FREAKIN_CUBE, layout_cave_pools
D:6:      layout_cave_pools, grunt_temple_overflow_order_and_chaos_1,
          overflow_temple_1_default, kennysheep_path_1, uniq_crazy_yiuf_cottage
D:7:      minmay_the_grid_plus [minmay_the_grid_plusring,
          minmay_the_grid_gridbox, minmay_the_grid_dragon_a,
          minmay_the_grid_doors, minmay_the_grid_prize_diamond_cup],
          layout_rooms, minitemple, nicolae_overflows_in_rows
D:8:      layout_basic, serial_shops, nicolae_shop_overgrown_old_shop
D:9:      layout_loops_cross, serial_bayou, serial_bayou_shore_a,
          serial_bayou_lagoon_a, serial_bayou_pond_a, serial_bayou_pond_c
D:10:     layout_gridville, grunt_decor_one_mirror
D:11:     layout_irregular_city, erik_lair_dragon, uniq_grum, uniq_snorg
D:12:     layout_irregular_city, orc_0_dummy, uniq_psyche, uniq_fannar,
          uniq_nergalle
D:13:     gammafunk_jiyva_shrine, layout_basic, david_vaults_2, enter_trove_2,
          nrook_mini_backslash
D:14:     layout_rooms, serial_ice, serial_ice_g, serial_ice_c, serial_ice_o,
          serial_ice_a, serial_ice_d, serial_ice_j, serial_ice_b,
          portal_ice_cave_entry_dragon, gauntlet_entry_generic,
          hangedman_decor_lopped
D:15:     hangedman_depths_entry_try_elsewhere_first, layout_basic, uniq_agnes
Lair:1:   layout_cave_pods, gammafunk_ghost_grave, st_stairs_9,
          grunt_megastairs_3, infiniplex_staircase_pool_2, uniq_amaemon
Lair:2:   layout_misc_corridors, dummy_snake_entry, lemuel_fruit_fields,
          serial_bayou_shore_b
Lair:3:   layout_cave_pods, skrybe_swamp_entry_bodies, st_stairs_4
Lair:4:   layout_cave_shapes, serial_bayou_shore_b
Lair:5:   due_jungle_book, layout_layer_cave, nicolae_slime_entry_field_trip
Swamp:1:  layout_basic_swamp, evilmike_swamp_ruin_house_5, swamp_pool4
Swamp:2:  nicolae_swamp_ascending_descending, layout_basic_swamp,
          evilmike_swamp_ruin_house_2, swamp_pool3, grunt_witch_cave
Snake:1:  layout_chambers, special_room, nicolae_snake_naga_rites
Snake:2:  layout_misc_corridors, nicolae_snake_gridmaze_squiggle,
          serial_bayou_pond_e
Snake:3:  layout_misc_corridors, nicolae_snake_ghostly_warrior_ritual,
          serial_bayou_shore_b
Snake:4:  snake_pit_salamanders_mu, layout_basic, serial_shops,
          nicolae_square_shop
Orc:1:    layout_caves
Orc:2:    st_orc_ogre_mass, layout_diamond_mine

Skill      XL: |  1  2  3  4  5  6  7  8  9 10 11 12 13 14 15 16 17 18 |
---------------+-------------------------------------------------------+-----
Unarmed Combat | 4 5 6 7 8 9 10 11 12 15 16 17 18 20 22 23 24 | 24.2
Armour         | 2 4 6 7 9 10 12 13 14 15 16 | 16.8
Fighting       | 3 5 7 9 11 13 14 15 16 17 | 17.5
Throwing       | |  1.7
Dodging        | |  2.6

Action                   |  1- 3 |  4- 6 |  7- 9 | 10-12 | 13-15 | 16-18 || total
-------------------------+-------+-------+-------+-------+-------+-------++-------
Melee: Unarmed           |   105 |   128 |   279 |   569 |  1064 |  1124 ||  3269
       Punch             |       |     4 |    15 |    49 |   156 |   179 ||   403
Throw: Stone             |       |    24 |       |       |       |       ||    24
       Throwing net      |       |     1 |     3 |     2 |       |       ||     6
       Dart              |       |       |       |     4 |       |       ||     4
Evoke: Wand              |       |       |     2 |     1 |       |     1 ||     4
       Box of beasts     |       |       |     1 |       |       |       ||     1
  Use: Scroll            |     9 |     5 |     4 |    10 |     9 |     5 ||    42
       Potion            |       |       |       |     6 |     2 |     7 ||    15
 Stab: Held in net/web   |       |     1 |     1 |     1 |       |       ||     3
       Invisible         |       |       |       |       |    18 |    25 ||    43
Armor: Leather armour    |    26 |       |       |       |       |       ||    26
       Ring mail         |     4 |    25 |       |       |       |       ||    29
       Plate armour      |       |    17 |   141 |   309 |   597 |   569 ||  1633
Dodge: Dodged            |    46 |    40 |    66 |   175 |   480 |   537 ||  1344

Table legend: (Time is in decaauts)
 A = Elapsed time spent in this place.
 B = Non-inter-level travel time spent in this place.
 C = Inter-level travel time spent in this place.
 D = Time resting spent in this place.
 E = Time spent auto-exploring this place.
 F = Levels seen in this place.
 G = Mean time per level.
                   A        B        C        D        E       F      G
               +--------+--------+--------+--------+--------+-----+--------+
         Total |  32489 |  30368 |   2121 |   6507 |  16146 |  30 | 1083.0 |
       Dungeon |  15308 |  14063 |   1245 |   2764 |   8094 |  15 | 1020.5 |
          Lair |   6175 |   5685 |    490 |    494 |   3529 |   5 | 1235.0 |
         Swamp |   1139 |   1128 |     11 |    457 |    420 |   2 |  569.5 |
     Snake Pit |   7107 |   6854 |    253 |   2454 |   2847 |   4 | 1776.8 |
  Orcish Mines |   1774 |   1653 |    121 |    165 |    896 |   2 |  887.0 |
      Ice Cave |    719 |    719 |      0 |    153 |    304 |   1 |  719.0 |
      Gauntlet |    266 |    266 |      0 |     16 |     53 |   1 |  266.0 |
               +--------+--------+--------+--------+--------+-----+--------+

Top non-repeatable levels by time:
 Snake:4: 3216 daAuts
  Lair:5: 2008 daAuts
     D:9: 1970 daAuts
    D:11: 1718 daAuts
 Snake:2: 1575 daAuts
    D:10: 1478 daAuts
 Snake:1: 1434 daAuts
  Lair:1: 1288 daAuts
   Orc:2: 1184 daAuts
  Lair:3: 1176 daAuts
     D:4: 1135 daAuts
    D:12: 1055 daAuts
     D:8: 1047 daAuts
  Lair:2: 993 daAuts
     D:7: 988 daAuts
